 Dungeon Crawl Stone Soup version 0.31-a0-177-g4aa6249778 (webtiles) character file.

Game seed: 869942610373791294

453 Jeffwins the Grasshopper (level 7, -6/45 HPs)
             Began as an Octopode Wanderer on June 19, 2023.
             Mangled by an orc warrior
             ... wielding a +0 battleaxe
              (15 damage)
             ... on level 6 of the Dungeon.
             The game lasted 00:07:52 (3755 turns).

Jeffwins the Grasshopper (Octopode Wanderer)        Turns: 3755, Time: 00:07:52

Health: -6/45      AC:  1    Str:  9    XL:     7   Next: 5%
Magic:  2/11       EV: 13    Int: 20    God:
Gold:   175        SH:  0    Dex: 10    Spells: 8/12 levels left

rFire   . . .        k - +1 whip (freeze)
rCold   . . .        (no shield)
rNeg    . . .        c - +0 hat
rPois   .            (no amulet)
rElec   .            (no ring)
rCorr   .            (no ring)
SInv    .            (no ring)
Will    .....        (no ring)
Stlth   +++          (no ring)
HPRegen 0.27/turn    (no ring)
MPRegen 0.12/turn    (no ring)
                     (no ring)

%: no passive effects
@: very slightly contaminated
A: almost no armour, amphibious, 8 rings, camouflage 1, gelatinous body 1,
(nimble swimmer 1), tentacles
a: no special abilities


You were on level 6 of the Dungeon.
You visited 1 branch of the dungeon, and saw 6 of its levels.
You also visited: Sewer.

You collected 175 gold pieces.


Innate Abilities, Weirdness & Mutations

You cannot wear most types of armour.
You are amphibious.
You can wear up to eight rings at the same time.
Your skin changes colour to match your surroundings (Stealth+).
Your rubbery body absorbs attacks. (AC +1, EV +1)
((You are camouflaged when in or above water. (Stealth+)))
You have tentacles for arms and can constrict up to eight enemies at once.


   Skills:
 + Level 2.2 Fighting
 + Level 2.3 Dodging
 + Level 3.2 Stealth
 + Level 1.4 Shields
 * Level 3.0 Spellcasting
 * Level 2.9 Conjurations
 - Level 4.0 Translocations
 * Level 3.7 Earth Magic


You had 8 spell levels left.
You knew the following spells:

 Your Spells              Type           Power      Damage    Failure   Level
x - Stone Arrow           Conj/Erth      32%        3d9       11%         3
z - Sandblast             Erth           36%        2d10      3%          1

Your spell library contained the following spells:

 Spells                   Type           Power      Damage    Failure   Level
 Apportation              Tloc           38%        N/A       2%          1
 Necrotise                Necr           12%        1d4       14%         1
 Portal Projectile        Hex/Tloc       22%        N/A       19%         3
 Volatile Blastmotes      Fire/Tloc      22%        2d11      19%         3
 Vampiric Draining        Necr           3%         2d6       38%         3
 Agony                    Necr           3%         N/A       98%         5

Inventory:

Hand Weapons
 a - a +0 dagger
 k - a +1 whip of freezing (weapon)
Armour
 c - a +0 hat (worn)
 m - a +0 tower shield
Scrolls
 d - a scroll of torment {unknown}
 p - a scroll of enchant weapon {unknown}
 q - a scroll of immolation {unknown}
 r - a scroll of vulnerability {unknown}
Potions
 e - 4 potions of degeneration {unknown}
 f - 2 potions of mutation {unknown}
 g - a potion of curing {unknown}
 h - a potion of ambrosia
 i - a potion of lignification {!q}
 j - a potion of brilliance {unknown}
 o - a potion of heal wounds {unknown}

Dungeon Overview and Level Annotations

Branches:
Dungeon (6/15)              Sewer (visited)
 Temple: D:4-7

Altars:

~~#~~~.# *## *** .~'~~..# ##.*##*
*** *,, ~~#~~~.# #.#**.###.***#
****,* ###~.÷.###.####...,,,.#
**,,,,* ~~~~~......##....##,..#*
**,,,,,*
~.~~......#.#*....##...##*,,***,,
~~.......##.#*#.....#o...,,****,,
........##..###.#.....#,,,****,,,
###.............@o...#*,,,,,**,,,
##.................#,,,,,,,,,,,
###.................oo...,,,,,,,,
#.÷##...............o....,,,,,,,,
#####..............######,,,,,,,*
#...............#* *,,,,,,,,,
#................#**,,,,,,,,,
#..............#..,,,,,,,,,,,
###..............##.,**,,,,,,,,


You could see an orc warrior, an orc priest, 2 orc wizards and an orc.


Message History

Confirm with . or Enter, or press ? or * to list all spells.
Aiming: Stone Arrow (dangerous; 11% risk of failure)
Press: ? - help, Shift-Dir - straight line, f/p - orc warrior
Aim: an orc warrior, wielding a +0 battleaxe and wearing a +0 plate armour (moderately wounded, 68% to hit)
The stone arrow hits the orc warrior!
The orc warrior is severely wounded.
Unknown command.
Casting: Stone Arrow (dangerous; 11% risk of failure)
Confirm with . or Enter, or press ? or * to list all spells.
You don't have enough magic to cast this spell.
Unknown command.
Unknown command.
You closely miss the orc warrior.
The orc wizard shouts!
You grab the orc warrior. You squeeze the orc warrior.
The orc warrior is almost dead.
You constrict the orc warrior, but do no damage.
The orc warrior hits you with a +0 battleaxe!
The orc priest calls upon Beogh to heal the orc warrior.
The orc warrior is healed somewhat.
The orc warrior hits you with a +0 battleaxe!!
* * * LOW HITPOINT WARNING * * *
Something shouts, "Give up, thou currish tip-merry baggage!"
The orc wizard shouts!
You hit the orc warrior but do no damage.
You squeeze the orc warrior!
The orc warrior is almost dead.
You constrict the orc warrior, but do no damage.
The orc warrior hits you with a +0 battleaxe!
You die...

Skill      XL: |  1  2  3  4  5  6 |
---------------+-------------------+-----
Conjurations   | 1 2 |  2.9
Stealth        | 2 3 |  3.2
Spellcasting   | 2 3 |  3.0
Earth Magic    | 3 |  3.7
Dodging        | 2 |  2.3
Shields        | 1 |  1.4
Fighting       | 2 |  2.2
Translocations | |  4.0

Action                     |  1- 3 |  4- 6 |  7- 9 || total
---------------------------+-------+-------+-------++-------
  Melee: Dagger            |    94 |     6 |       ||   100
         Constrict         |    21 |    18 |     1 ||    40
         Tentacles         |    25 |    11 |     2 ||    38
         Punch             |     1 |     1 |       ||     2
         Whip              |       |    71 |     2 ||    73
   Cast: Sandblast         |     4 |    62 |     3 ||    69
         Stone Arrow       |       |     5 |     2 ||     7
    Use: Scroll            |       |     6 |     2 ||     8
         Potion            |       |     1 |       ||     1
   Stab: Sleeping          |    10 |     4 |       ||    14
 Armour: Skin              |    10 |    24 |     1 ||    35
  Dodge: Dodged            |    89 |    74 |     2 ||   165

Levels and vault maps discovered:
D:1:      dpeg_arrival_arbitrary_b, layout_loops_ring,
          shapermc_ecumenical_altar_mp_highgroup, serial_bayou_lagoon_b
D:2:      layout_rooms
D:3:      layout_loops_corners, minmay_rat_hole, uniq_natasha
D:4:      layout_layer_cave, uniq_crazy_yiuf_cottage
D:5:      layout_basic, minmay_temple_entry_arrows, grunt_ministairs_3
D:6:      layout_layer_cave, portal_sewer_entry_e

Notes
Turn   | Place    | Note
-------+----------+-------------------------------------------
     0 | D:1      | Jeffwins the Octopode Wanderer began the quest for the Orb.
     0 | D:1      | Jeffwins set off with the following items: a +0 dagger, a
                  | scroll of blinking, a +0 hat; and the following spells
                  | available to memorise: Apportation, Sandblast, Portal
                  | Projectile, Volatile Blastmotes, Stone Arrow.
     0 | D:1      | Reached XP level 1. HP: 13/13 MP: 2/2
     2 | D:1      | Learned a level 1 spell: Sandblast
    82 | D:1      | Reached XP level 2. HP: 18/18 MP: 3/3
   311 | D:1      | Reached skill level 1 in Conjurations
   311 | D:1      | Reached XP level 3. HP: 20/23 MP: 5/5
   315 | D:1      | Learned a level 3 spell: Stone Arrow
   497 | D:1      | Reached skill level 2 in Stealth
   653 | D:1      | Found a faded altar of an unknown god.
  1033 | D:2      | HP: 2/23 [jackal (1)]
  1192 | D:2      | Reached XP level 4. HP: 11/28 MP: 3/6
  1777 | D:3      | Noticed Natasha
  1783 | D:3      | Killed Natasha
  1784 | D:3      | Reached skill level 2 in Spellcasting
  2392 | D:3      | You fall into a shaft and drop 3 floors!
  2411 | D:6      | Reached skill level 3 in Earth Magic
  2411 | D:6      | Reached XP level 5. HP: 5/33 MP: 0/8
  2538 | D:6      | Reached skill level 2 in Conjurations
  2635 | D:6      | Found a glowing drain.
  2683 | Sewer    | Entered a sewer
  2749 | Sewer    | Reached skill level 2 in Dodging
  2858 | D:6      | Noticed an orc warrior
  2901 | D:6      | Noticed a steam dragon
  2910 | D:6      | HP: 2/33 [steam dragon] (15)]
  2910 | D:6      | Noticed a water moccasin
  2923 | D:5      | Entered Level 5 of the Dungeon
  3115 | D:5      | Reached XP level 6. HP: 39/39 MP: 6/9
  3126 | D:5      | Reached skill level 1 in Shields
  3138 | D:5      | Reached skill level 2 in Fighting
  3166 | D:5      | Noticed an ice beast
  3192 | D:5      | Noticed a water moccasin
  3200 | D:5      | Killed a water moccasin
  3201 | D:5      | Reached skill level 3 in Stealth
  3347 | D:5      | Reached skill level 3 in Spellcasting
  3347 | D:5      | Reached XP level 7. HP: 21/45 MP: 6/11
  3437 | D:6      | HP: 4/45 [orc/+0 dagger (2)]
  3755 | D:6      | Mangled by an orc warrior

Vanquished Creatures
  A water moccasin (D:5)
  A hound (D:5)
  An orc priest (D:5)
  A sleepcap (D:6)
  Natasha (D:3)
  An orc wizard (D:5)
  A hell rat (Sewer)
  A gnoll (D:5)
  3 adders
  3 river rats (D:6)
  An ufetubus (D:6)
  A worm (D:2)
  5 dart slugs
  3 orcs
  An endoplasm (D:2)
  3 giant cockroaches
  8 goblins
  2 hobgoblins (D:2)
  13 jackals
  A kobold (D:2)
  5 quokkas
  8 ball pythons
  4 bats (D:1)
  A frilled lizard (D:1)
  27 rats
97 creatures vanquished.

Vanquished Creatures (others)
  An orc wizard (D:5)
1 creature vanquished.

Grand Total: 98 creatures vanquished

Table legend: (Time is in decaauts)
 A = Elapsed time spent in this place.
 B = Non-inter-level travel time spent in this place.
 C = Inter-level travel time spent in this place.
 D = Time resting spent in this place.
 E = Time spent auto-exploring this place.
 F = Levels seen in this place.
 G = Mean time per level.
                   A        B        C        D        E       F      G
               +--------+--------+--------+--------+--------+-----+--------+
         Total |   3797 |   3678 |    119 |    655 |   2174 |   7 |  542.4 |
       Dungeon |   3634 |   3515 |    119 |    655 |   2049 |   6 |  605.7 |
         Sewer |    163 |    163 |      0 |      0 |    125 |   1 |  163.0 |
               +--------+--------+--------+--------+--------+-----+--------+

Top non-repeatable levels by time:
     D:1: 989 daAuts
     D:3: 714 daAuts
     D:6: 703 daAuts
     D:2: 700 daAuts
     D:5: 472 daAuts
   Sewer: 163 daAuts
     D:4: 53 daAuts

Table legend:
 A = Non-vault XP
 B = Vault XP
 C = Vault XP percentage of total XP
 D = Non-vault monster count
 E = Vault monster count
 F = Vault count percentage of total count
                 A         B        C        D         E       F
            +---------+---------+-------+---------+---------+-------
      Total |     496 |     152 |  23.5 |      64 |      34 |  34.7
            +---------+---------+-------+---------+---------+-------
        D:1 |      61 |       0 |   0.0 |      31 |       0 |   0.0
        D:2 |      34 |       0 |   0.0 |      16 |       0 |   0.0
        D:3 |       8 |      56 |  87.5 |       3 |      20 |  87.0
        D:4 |       3 |       0 |   0.0 |       1 |       0 |   0.0
        D:5 |     329 |       0 |   0.0 |      10 |       0 |   0.0
        D:6 |      61 |      58 |  48.7 |       3 |       8 |  72.7
      Sewer |       0 |      38 | 100.0 |       0 |       6 | 100.0
            +---------+---------+-------+---------+---------+-------
